 Dungeon Crawl Stone Soup version 0.25-a0-589-g1e14c549ee (webtiles) character file.

Game seed: 12156745390223990514, levelgen mode: deterministic

17 EriolAelfwine the Charmwright (level 2, -3/22 HPs)
             Began as a Merfolk Skald on Mar 9, 2020.
             Slain by an adder (5 damage)
             ... on level 1 of the Dungeon.
             The game lasted 00:02:47 (788 turns).

EriolAelfwine the Charmwright (Merfolk Skald)        Turns: 788, Time: 00:02:47

Health: -3/22      AC:  3    Str: 11    XL:     2   Next: 62%
Magic:  2/5        EV: 12    Int: 12    God:
Gold:   28         SH:  0    Dex: 13    Spells: 2/5 levels left

rFire    . . .     SeeInvis .   a - +0 spear
rCold    . . .     Gourm    .   (no shield)
rNeg     . . .     Faith    .   b - +0 leather armour
rPois    .         Spirit   .   (no helmet)
rElec    .         Reflect  .   (no cloak)
rCorr    .         Harm     .   (no gloves)
MR       .....                  (no boots)
Stlth    +.........             (no amulet)
HPRegen  0.07/turn              (no ring)
MPRegen  0.09/turn              (no ring)

@: shrouded
A: change form in water, swift swim, stealthy swim
a: no special abilities


You were on level 1 of the Dungeon.
You were not hungry.

You visited 1 branch of the dungeon, and saw 2 of its levels.

You collected 28 gold pieces.

Inventory:

Hand Weapons
 a - a +0 spear (weapon)
Missiles
 h - 5 boomerangs (quivered)
Armour
 b - a +0 leather armour (worn)
Jewellery
 e - an uncursed ring of positive energy {unknown}
Scrolls
 f - a scroll of amnesia {unknown}
Potions
 c - a potion of brilliance {unknown}
Comestibles
 d - a ration


   Skills:
 - Level 2.1 Fighting
 + Level 3.4 Polearms
 - Level 0.6 Armour
 - Level 2.6 Dodging
 - Level 2.0 Spellcasting
 * Level 3.9 Charms
 * Level 0.4 Translocations


You had 2 spell levels left.
You knew the following spells:

 Your Spells              Type           Power        Failure   Level  Hunger
a - Infusion              Chrm           ##..         8%          1    ##.....
b - Shroud of Golubria    Chrm/Tloc      #.....       22%         2    ###....

Your spell library contained the following spells:

 Spells                   Type           Power        Failure   Level  Hunger
 Song of Slaying          Chrm           ##......     11%         2    ###....
 Ozocubu's Armour         Chrm/Ice       #.......     43%         3    ####...
 Spectral Weapon          Hex/Chrm       #.......     43%         3    ####...


Dungeon Overview and Level Annotations

Branches:
Dungeon (2/15)

Altars:


Message History

Your magical contamination has completely faded away.
The adder closely misses you. The adder barely misses you.
The adder bites you but does no damage. The adder bites you.
* * * LOW HITPOINT WARNING * * *
The adder bites you.
* * * LOW HITPOINT WARNING * * *
Casting: Shroud of Golubria (safe; 22% risk of failure)
Confirm with . or Enter, or press ? or * to list all spells.
Space distorts slightly along a thin shroud covering your body.
The adder barely misses you.
You miss the adder. The adder bites you but does no damage.
You hit the adder.
The adder is moderately wounded.
The adder barely misses you.
You miss the adder.
The adder is moderately wounded.
The adder bites you.
You die...

#............>...# #.#
#.......###.#..### #.#
#.......# #.#..# ##.#
#......## #.#..# #..#
#....>.## #.#..# ###.##
##.###..###...## #..... #.#
##...#...## ##.#... #†#
###.#S#..#### #..#... #.#
#.#@......## #.##... #.#
#.#...###..###.##... #.#
##.....####.....##... #.#
#........#####..##### #.#
#........# #### #. #.#
###[.....# ######. ##.##
####......### #....#.
##...###...........# ##.....
##.....##...###...#.########.#


You could see an adder.

Vanquished Creatures
  A dart slug (D:1)
  2 goblins (D:1)
  5 hobgoblins
  A ball python (D:1)
  3 bats (D:1)
  A frilled lizard (D:1)
  A kobold (D:1)
14 creatures vanquished.

Notes
Turn   | Place    | Note
-------+----------+-------------------------------------------
     0 | D:1      | EriolAelfwine the Merfolk Skald began the quest for the
                  | Orb.
     0 | D:1      | Reached XP level 1. HP: 16/16 MP: 3/3
   322 | D:1      | Reached XP level 2. HP: 20/22 MP: 5/5
   326 | D:1      | Learned a level 2 spell: Shroud of Golubria
   784 | D:1      | HP: 1/22 [adder (2)]
   788 | D:1      | Slain by an adder

Levels and vault maps discovered:
D:1:      minmay_arrival_three_doors, layout_rooms
D:2:      layout_basic, overflow_temple_1_default,
          nicolae_overflow_crystal_walls, chequers_ecumenical_altar_island,
          item_on_display_a, uniq_robin, uniq_natasha

Action                   || total
-------------------------++-------
Melee: Spear             ||    53
 Cast: Shroud of Golubri ||     3
 Stab: Sleeping          ||     1
Armor: Leather armour    ||    11
Dodge: Dodged            ||    31

Table legend:
 A = Non-vault XP
 B = Vault XP
 C = Vault XP percentage of total XP
 D = Non-vault monster count
 E = Vault monster count
 F = Vault count percentage of total count
                 A         B        C        D         E       F
            +---------+---------+-------+---------+---------+-------
      Total |      25 |       0 |   0.0 |      14 |       0 |   0.0
            +---------+---------+-------+---------+---------+-------
        D:1 |      23 |       0 |   0.0 |      13 |       0 |   0.0
        D:2 |       2 |       0 |   0.0 |       1 |       0 |   0.0
            +---------+---------+-------+---------+---------+-------
